 Dungeon Crawl Stone Soup version 0.25.0-11-g1f837a76a1 (webtiles) character file.

Game seed: 15767826284368746318

(classic levelgen) 29 EnegeticOcto the Bolt Thrower (level 2, -3/36 HPs)
             Began as a Demigod Hunter on June 25, 2020.
             Slain by an adder (4 damage)
             ... on level 2 of the Dungeon.
             The game lasted 00:01:44 (1173 turns).

EnegeticOcto the Bolt Thrower (Demigod Hunter)      Turns: 1173, Time: 00:01:45

Health: -3/36      AC:  4    Str: 15    XL:     2   Next: 81%
Magic:  4/4        EV: 12    Int: 15    God:
Gold:   25         SH:  0    Dex: 16    Spells: 1/1 levels left

rFire    . . .     SeeInvis .   b - +0 short sword
rCold    . . .     Gourm    .   (no shield)
rNeg     . . .     Faith    .   c - +0 leather armour
rPois    .         Spirit   .   (no helmet)
rElec    .         Reflect  .   (no cloak)
rCorr    .         Harm     .   g - +0 pair of gloves
MR       .....                  (no boots)
Stlth    ..........             (no amulet)
HPRegen  0.12/turn              (no ring)
MPRegen  0.09/turn              (no ring)

@: berserking, lethally poisoned (-3 -> -9), very quick
A: high mp 1
a: no special abilities


You were on level 2 of the Dungeon.
You were not hungry.

You visited 1 branch of the dungeon, and saw 2 of its levels.

You collected 25 gold pieces.

Inventory:

Hand Weapons
 a - a +1 hand crossbow
 b - a +0 short sword (weapon)
Missiles
 d - 16 bolts
 f - 8 javelins (quivered)
 p - 19 arrows
Armour
 c - a +0 leather armour (worn)
 g - a +0 pair of gloves (worn)
Scrolls
 h - a scroll of teleportation {unknown}
 j - a scroll of identify {unknown}
 k - a scroll of blinking {unknown}
 l - a scroll of immolation {unknown}
 n - a scroll of enchant armour {unknown}
Potions
 m - a potion of curing {unknown}
Comestibles
 e - 3 rations
 o - a chunk of flesh


   Skills:
 - Level 1.7 Fighting
 + Level 4.5 Crossbows
 - Level 1.7 Dodging
 - Level 0.8 Stealth


You had one spell level left.
You didn't know any spells.
Your spell library was empty.

Dungeon Overview and Level Annotations

Branches:
Dungeon (2/15)


Innate Abilities, Weirdness & Mutations

You have an increased reservoir of magic. (+10% MP)


Message History

Eating one of 2 chunks of flesh.
You eat one of the 2 chunks of flesh.
This raw flesh tastes terrible.
Found a stone staircase leading down.
There is a stone staircase leading down here.
You now have 25 gold pieces (gained 7).
A rat comes into view.
The rat bites you.
You closely miss the rat. The rat barely misses you.
You closely miss the rat. The rat barely misses you.
You closely miss the rat. The rat closely misses you.
You hit the rat.
The rat is severely wounded.
The rat closely misses you.
You hit the rat.
The rat is severely wounded.
The rat misses you.
A rat is nearby!
A rat is nearby!
You closely miss the rat.
The rat is severely wounded.
The rat closely misses you.
You hit the rat.
You kill the rat!
No target in view!
No target in view!
HP restored.
An adder comes into view.
An adder is nearby!
An adder is nearby!
An adder comes into view.
The adder hisses angrily.
The adder barely misses you.
You closely miss the adder. The adder bites you.
A worm comes into view.
You miss the adder. The adder bites you. The adder closely misses you.
You closely miss the adder. The adder closely misses you.
You hit the adder.
The adder is lightly wounded.
The adder misses you. The adder barely misses you.
You hit the adder.
The adder is heavily wounded.
The adder barely misses you.
You barely miss the adder.
The adder is heavily wounded.
The adder closely misses you.
You hit the adder.
The adder is almost dead.
The adder barely misses you. The adder bites you but does no damage.
You barely miss the adder.
The adder is almost dead.
The adder barely misses you.
You closely miss the adder.
The adder is almost dead.
The adder closely misses you. The adder completely misses you.
You hit the adder but do no damage.
The adder is almost dead.
The adder closely misses you.
You miss the adder.
The adder is almost dead.
The adder bites you.
You are poisoned.
The adder poisons you!
You hit the adder.
You kill the adder!
You feel sick. The adder bites you.
An adder is nearby!
a - a +1 hand crossbow (weapon)
Firing (i - inventory. (/) - cycle)
d - 20 bolts (quivered)
Press: ? - help, Shift-Dir - straight line, f - adder
Aim: an adder You shoot a bolt.
The bolt closely misses the adder.
You feel sick. The adder closely misses you. The adder completely misses you.
Firing (i - inventory. (/) - cycle)
d - 19 bolts (quivered)
Press: ? - help, Shift-Dir - straight line, f/p - adder
Aim: an adder You shoot a bolt.
The bolt hits the adder!
The adder is severely wounded.
The adder bites you. The adder barely misses you.
Firing (i - inventory. (/) - cycle)
d - 18 bolts (quivered)
Press: ? - help, Shift-Dir - straight line, f/p - adder
Aim: an adder (heavily wounded)
You shoot a bolt. The bolt barely misses the adder.
The adder barely misses you.
Firing (i - inventory. (/) - cycle)
d - 17 bolts (quivered)
Press: ? - help, Shift-Dir - straight line, f/p - adder
Aim: an adder (heavily wounded)
You shoot a bolt. The bolt hits the adder.
The adder is almost dead.
You feel sick. The adder barely misses you. The adder bites you.
* * * LOW HITPOINT WARNING * * *
It was a potion of berserk rage.
A red film seems to cover your vision as you go berserk!
You feel yourself moving faster!
You feel mighty! The adder bites you.
* * * LOW HITPOINT WARNING * * *
You are more poisoned.
The adder poisons you!
b - a +0 short sword (weapon)
You feel a strong urge to attack something.
The adder bites you.
You die...

. ...
.....################
......S@............#
.....##############.#
... #.# . #.# #.#
########.# .....##.#
#......# ###......#


You could see an adder.

Vanquished Creatures
  An adder (D:2)
  A dart slug (D:1)
  2 giant cockroaches (D:1)
  3 goblins
  5 hobgoblins (D:1)
  A bat (D:1)
  4 rats
17 creatures vanquished.

Notes
Turn   | Place    | Note
-------+----------+-------------------------------------------
     0 | D:1      | EnegeticOcto the Demigod Hunter began the quest for the
                  | Orb.
     0 | D:1      | Reached XP level 1. HP: 17/17 MP: 3/3
   143 | D:1      | Reached skill level 4 in Crossbows
   200 | D:1      | Reached XP level 2. HP: 19/24 MP: 4/4
  1172 | D:2      | HP: 1/36 [adder (3)]
  1173 | D:2      | Slain by an adder

Illustrated notes

Levels and vault maps discovered:
D:1:      dpeg_arrival_shrine, layout_basic, minmay_misc_feat_diagonals
D:2:      layout_loops_ring

Skill      XL: |  1 |
---------------+----+-----
Crossbows      | 4 |  4.5
Fighting       | |  1.7
Dodging        | |  1.7
Stealth        | |  0.8

Action                   || total
-------------------------++-------
Melee: Short sword       ||    85
 Fire: Hand crossbow     ||     5
  Use: Potion            ||     1
 Stab: Sleeping          ||     1
  Eat: Chunk             ||     1
Armor: Leather armour    ||    13
Dodge: Dodged            ||    74
